 Dungeon Crawl Stone Soup version 0.30-a0-571-gdf30a72648 (webtiles) character file.

Game seed: 18073649900568578407

2476 Newt the Blocker (level 9, -4/81 HPs)
             Began as a Kobold Hunter on Dec 29, 2022.
             Was a Follower of Okawaru.
             Slain by an orc knight
             ... wielding a +0 bardiche
              (24 damage)
             ... in a bailey.
             The game lasted 00:10:24 (9129 turns).

Newt the Blocker (Kobold Hunter)                    Turns: 9129, Time: 00:10:24

Health: -4/81      AC: 24    Str:  9    XL:     9   Next: 80%
Magic:  9/9        EV:  3    Int: 10    God:    Okawaru [*.....]
Gold:   373        SH: 13    Dex: 22    Spells: 8/8 levels left

rFire   . . .      SeeInvis .    v - +1 sling
rCold   . . .      Faith    .    i - +0 kite shield
rNeg    . . .      Spirit   .    (body armour currently unavailable)
rPois   +          Reflect  .    (helmet currently unavailable)
rElec   .          Harm     .    (cloak currently unavailable)
rCorr   .          Rampage  .    (gloves currently unavailable)
Will    .....      NoTele   +    (boots currently unavailable)
Stlth   ++++                     (no amulet)
HPRegen 0.33/turn                f - +5 ring of evasion
MPRegen 0.11/turn                r - +4 ring of slaying

@: tree-form (expiring), studying Shields
A: stationary, stasis, torment immunity, boosted hp, small, no large weapons,
nightstalker 3
a: Renounce Religion, Heroism


You were in a bailey.
You worshipped Okawaru.
Okawaru was aware of your devotion.
You were a tree.
You visited 1 branch of the dungeon, and saw 7 of its levels.
You also visited: Bailey.

You collected 373 gold pieces.

Inventory:

Hand Weapons
 a - a +1 shortbow
 v - a +1 sling (weapon)
Armour
 c - a +0 leather armour (melded)
 i - a +0 kite shield (worn)
 n - a +2 helmet (melded)
Jewellery
 f - a +5 ring of evasion (left branch)
 p - a ring of positive energy
 r - a +4 ring of slaying (right branch)
 y - a +6 ring of strength
Wands
 e - a wand of flame (38)
 t - a wand of charming (9)
 w - a wand of light (1)
Scrolls
 b - 2 scrolls of immolation
 j - 2 scrolls of vulnerability
 o - a scroll of identify
 q - 2 scrolls of teleportation
Potions
 d - a potion of might
 g - 3 potions of lignification
 h - a potion of mutation
 k - 2 potions of magic
 m - a potion of cancellation {unknown}
 s - 2 potions of haste {unknown}
 u - a potion of brilliance {unknown}
 x - 2 potions of invisibility {unknown}
 z - a potion of resistance {unknown}
 A - a potion of attraction {unknown}


   Skills:
 - Level 5.0 Fighting
 - Level 10.0 Ranged Weapons
 - Level 6.0 Dodging
 + Level 3.1 Stealth
 - Level 10.0 Shields
 - Level 1.7 Evocations


You had 8 spell levels left.
You didn't know any spells.
Your spell library contained the following spells:

 Spells                   Type           Power      Damage    Failure   Level
 Foxfire                  Conj/Fire      0%         2x1d4     77%         1
 Kiss of Death            Conj/Necr      0%         2d5       77%         1
 Blink                    Tloc           0%         N/A       88%         2
 Momentum Strike          Conj/Tloc      0%         3d8       88%         2
 Sublimation of Blood     Necr           0%         N/A       88%         2
 Confusing Touch          Hex            0%         N/A       98%         3
 Inner Flame              Hex/Fire       0%         N/A       98%         3
 Lesser Beckoning         Tloc           0%         N/A       98%         3
 Cause Fear               Hex            0%         N/A       100%        4
 Dispel Undead            Necr           0%         3d6       100%        4
 Petrify                  Tmut/Erth      0%         N/A       100%        4
 Fireball                 Conj/Fire      0%         3d3       100%        5
 Irradiate                Conj/Tmut      0%         3d11      100%        5
 Starburst                Conj/Fire      0%         6d3       100%        6
 Discord                  Hex            0%         N/A       100%        8


Dungeon Overview and Level Annotations

Branches:
Dungeon (7/15)             Temple (0/1) D:6          Bailey (1/1)

Altars:
Kikubaaqudgha
Okawaru

Shops:
D:1 [


Innate Abilities, Weirdness & Mutations

You are a tree.
Your roots penetrate the ground, keeping you stationary.
You cannot be teleported.
You are immune to unholy pain and torment.
Your maximum health is greatly increased.
Your equipment is partially melded.
You are small and have problems with some larger weapons.
You are completely attuned to the shadows.


Message History

The bolt of light hits the orc knight!
The orc knight is severely wounded.
The orc knight is blinded.
The orc knight hits you but does no damage.
Fire: v) +1 sling
Press: ? - help, Q - select action, (/) - cycle Shift-Dir - straight line, f/p - orc knight
Aim: an orc knight, wielding a +0 bardiche and wearing a +0 plate armour (severely wounded, blind, 72% to hit)
You shoot a sling bullet.
The sling bullet hits the orc knight but does no damage.
The orc knight is severely wounded.
Your transformation is almost over.
You block the orc knight's attack.
Fire: v) +1 sling
Press: ? - help, Q - select action, (/) - cycle Shift-Dir - straight line, f/p - orc knight
Aim: an orc knight, wielding a +0 bardiche and wearing a +0 plate armour (severely wounded, blind, 72% to hit)
You shoot a sling bullet. The sling bullet hits the orc knight.
The orc knight is severely wounded.
The orc knight hits you with a +0 bardiche!
* * * LOW HITPOINT WARNING * * *
Fire: v) +1 sling
Press: ? - help, Q - select action, (/) - cycle Shift-Dir - straight line, f/p - orc knight
Aim: an orc knight, wielding a +0 bardiche and wearing a +0 plate armour (severely wounded, blind, 72% to hit)
You shoot a sling bullet.
The sling bullet closely misses the orc knight.
The orc knight hits you with a +0 bardiche.
* * * LOW HITPOINT WARNING * * *
Fire: v) +1 sling
Press: ? - help, Q - select action, (/) - cycle Shift-Dir - straight line, f/p - orc knight
Aim: an orc knight, wielding a +0 bardiche and wearing a +0 plate armour (severely wounded, blind, 72% to hit)
You shoot a sling bullet.
The sling bullet barely misses the orc knight.
You block the orc knight's attack.
Fire: v) +1 sling
Press: ? - help, Q - select action, (/) - cycle Shift-Dir - straight line, f/p - orc knight
Aim: an orc knight, wielding a +0 bardiche and wearing a +0 plate armour (severely wounded, blind, 72% to hit)
You shoot a sling bullet.
The sling bullet hits the orc knight but does no damage.
The orc knight is severely wounded.
The orc knight hits you with a +0 bardiche!!
You die...

#.......#
#∩.....∩#
#.......#
#.......#
#..#.#..#
#.##8##.#
#..#.#))#
#.....))#
#..)♣...#
#..)o...#
##.....##
###)###
#)))#
#...#
#.).#
#...#
###'###


You could see an orc knight (blind).

Vanquished Creatures
  A two-headed ogre (D:5)
  A water moccasin (D:6)
  5 orc warriors
  2 ice beasts (D:5)
  A scorpion (D:7)
  A bullfrog (D:7)
  A necrophage (D:6)
  3 killer bees (D:7)
  2 hounds (D:5)
  A jelly (D:6)
  5 orc priests
  A gnoll bouda (D:5)
  6 iguanas
  Terence (D:2)
  2 orc wizards
  12 adders
  6 gnolls
  A worm (D:3)
  2 dart slugs (D:3)
  45 orcs
  4 bats
  13 endoplasms
  6 giant cockroaches
  13 goblins
  5 hobgoblins
  A jackal (D:3)
  3 quokkas (D:3)
  9 ball pythons
  2 frilled lizards
  9 kobolds
  5 rats
169 creatures vanquished.

Vanquished Creatures (others)
  A gnoll (D:6)
  4 fungi (D:4)
  7 withered plants (D:7)
12 creatures vanquished.

Grand Total: 181 creatures vanquished

Notes
Turn   | Place    | Note
-------+----------+-------------------------------------------
     0 | D:1      | Newt the Kobold Hunter began the quest for the Orb.
     0 | D:1      | Reached XP level 1. HP: 12/12 MP: 1/1
    84 | D:1      | Reached XP level 2. HP: 17/17 MP: 2/2
   235 | D:1      | Found Suzown's Armour Shop.
   292 | D:1      | Reached XP level 3. HP: 21/21 MP: 3/3
   780 | D:2      | Noticed Terence
   788 | D:2      | Killed Terence
   789 | D:2      | Reached XP level 4. HP: 20/26 MP: 4/4
  2242 | D:3      | Reached XP level 5. HP: 32/32 MP: 5/5
  3348 | D:4      | Reached XP level 6. HP: 36/39 MP: 6/6
  3401 | D:3      | Reached skill level 5 in Fighting
  4594 | D:5      | Entered Level 5 of the Dungeon
  4679 | D:5      | Noticed an ice beast
  4691 | D:5      | Killed an ice beast
  4692 | D:5      | Reached skill level 5 in Dodging
  4692 | D:5      | Reached XP level 7. HP: 26/44 MP: 7/7
  4950 | D:5      | Reached skill level 1 in Evocations
  5088 | D:5      | Reached skill level 1 in Shields
  5495 | D:5      | Noticed a two-headed ogre
  5507 | D:5      | Killed a two-headed ogre
  5508 | D:5      | Reached XP level 8. HP: 40/49 MP: 8/8
  5839 | D:5      | Found an iron altar of Okawaru.
  5986 | D:5      | Identified the +6 quarterstaff of the Other Side {freeze,
                  | rN+}
  6038 | D:5      | Became a worshipper of Warmaster Okawaru
  6237 | D:6      | HP: 1/49 [steam dragon/ball of steam (17)]
  7404 | D:5      | Reached XP level 9. HP: 46/54 MP: 9/9
  7738 | D:6      | Found a staircase to the Ecumenical Temple.
  8152 | D:6      | Reached skill level 10 in Shields
  8470 | D:7      | HP: 2/54 [orc priest/divine providence (12)]
  8615 | D:7      | Found an ancient bone altar of Kikubaaqudgha.
  8729 | D:7      | Reached * piety under Okawaru
  8732 | D:7      | Found a flagged portal.
  8737 | Bailey   | Entered a bailey
  9080 | Bailey   | Noticed an orc knight
  9108 | Bailey   | Reached skill level 10 in Ranged Weapons
  9129 | Bailey   | Slain by an orc knight

Illustrated notes

Levels and vault maps discovered:
D:1:      minmay_arrival_hallway, layout_rooms, serial_shops, shop
D:2:      layout_basic, kennysheep_generic_room_11, uniq_terence
D:3:      minmay_diamond_boxcup, layout_loops_corners,
          nicolae_concentric_dashed_squares_wild, grunt_ministairs_4
D:4:      layout_rooms, serial_aquarium, aquarium_bridge_straight
          [aquarium_subvault_bridge, aquarium_subvault_window,
          aquarium_subvault_bridge, aquarium_subvault_wall],
          aquarium_window_corridor_3, aquarium_window_corner, aquarium_view_2c,
          aquarium_view_2d, aquarium_pool_corner
D:5:      layout_basic, okawaru_altar_gauntlet_db
D:6:      layout_cave_pods, minmay_temple_entry_proselytizer
D:7:      layout_basic, kiku_gazebo_garden_becter, nemelex_dance_club_becter,
          enter_bailey_3
Bailey:   bailey_polearm_5, bailey

Skill      XL: |  1  2  3  4  5  6  7  8  9 |
---------------+----------------------------+-----
Stealth        | 2 3 |  3.1
Ranged Weapons | 6 7 10 | 10.0
Fighting       | 3 4 5 |  5.0
Dodging        | 5 6 |  6.0
Evocations     | 1 |  1.7
Shields        | 7 8 10 | 10.0

Action                   |  1- 3 |  4- 6 |  7- 9 || total
-------------------------+-------+-------+-------++-------
Melee: Shortbow          |       |     2 |       ||     2
 Fire: Shortbow          |    73 |   205 |    25 ||   303
       Sling             |       |       |   347 ||   347
Evoke: Wand              |       |       |     7 ||     7
  Use: Scroll            |     3 |     7 |     6 ||    16
       Potion            |       |       |     8 ||     8
Armor: Leather armour    |     4 |    24 |    32 ||    60
       Skin              |       |       |     2 ||     2
Dodge: Dodged            |    42 |   159 |   259 ||   460
Block: Kite shield       |       |       |   273 ||   273

Table legend: (Time is in decaauts)
 A = Elapsed time spent in this place.
 B = Non-inter-level travel time spent in this place.
 C = Inter-level travel time spent in this place.
 D = Time resting spent in this place.
 E = Time spent auto-exploring this place.
 F = Levels seen in this place.
 G = Mean time per level.
                   A        B        C        D        E       F      G
               +--------+--------+--------+--------+--------+-----+--------+
         Total |   9288 |   8970 |    318 |   2663 |   4961 |   8 | 1161.0 |
       Dungeon |   8883 |   8565 |    318 |   2492 |   4874 |   7 | 1269.0 |
        Bailey |    405 |    405 |      0 |    171 |     87 |   1 |  405.0 |
               +--------+--------+--------+--------+--------+-----+--------+

Top non-repeatable levels by time:
     D:6: 1999 daAuts
     D:3: 1963 daAuts
     D:5: 1889 daAuts
     D:2: 1183 daAuts
     D:4: 772 daAuts
     D:1: 732 daAuts
  Bailey: 405 daAuts
     D:7: 341 daAuts
